 Dungeon Crawl Stone Soup version 0.30-a0-371-gad7725a93e (webtiles) character file.

Game seed: 7541814192654758866

80 qeuew the Ruffian (level 4, -2/42 HPs)
             Began as a Troll Gladiator on Nov 23, 2022.
             Slain by a gnoll
             ... wielding a +0 spear
              (4 damage)
             ... on level 2 of the Dungeon.
             The game lasted 00:01:19 (1026 turns).

qeuew the Ruffian (Troll Gladiator)                 Turns: 1026, Time: 00:01:20

Health: -2/42      AC:  5    Str: 22    XL:     4   Next: 18%
Magic:  3/3        EV: 10    Int:  4    God:
Gold:   56         SH:  0    Dex: 13    Spells: 3/3 levels left

rFire   . . .      SeeInvis .      - Unarmed
rCold   . . .      Faith    .    (no shield)
rNeg    . . .      Spirit   .    a - +1 robe
rPois   .          Reflect  .    b - +0 hat
rElec   .          Harm     .    (no cloak)
rCorr   .          Rampage  .    (gloves unavailable)
Will    .....                    (boots unavailable)
Stlth   +.........               (no amulet)
HPRegen 1.07/turn                (no ring)
MPRegen 0.08/turn                (no ring)

@: mighty
A: large, unfitting armour, claws 3, regeneration 1, shaggy fur 1, tough skin 1
a: no special abilities


You were on level 2 of the Dungeon.
You visited 1 branch of the dungeon, and saw 2 of its levels.

You collected 56 gold pieces.

Inventory:

Missiles
 c - 3 throwing nets (quivered)
 d - a large rock
Armour
 a - a +1 robe (worn)
 b - a +0 hat (worn)
Scrolls
 e - a scroll of teleportation {unknown}
 f - 3 scrolls of identify {unknown}
 g - a scroll of silence {unknown}
 i - a scroll of enchant armour
 j - a scroll of poison {unknown}


   Skills:
 + Level 2.1 Fighting
 + Level 2.3 Throwing
 + Level 2.8 Dodging
 * Level 3.9 Unarmed Combat


You had 3 spell levels left.
You didn't know any spells.
Your spell library contained the following spells:

 Spells                   Type           Power      Damage    Failure   Level
 Necrotise                Necr           0%         1d4       50%         1
 Vampiric Draining        Necr           0%         2d6       86%         3
 Agony                    Necr           0%         N/A       100%        5


Dungeon Overview and Level Annotations

Branches:
Dungeon (2/15)

Altars:

Annotations:
D:2 Jessica


Innate Abilities, Weirdness & Mutations

You are too large for most types of armour.
You have claws for hands.
Your natural rate of healing is unusually fast.
You are covered in fur. (AC +1)
You have tough skin. (AC +1)


Message History

The gnoll is heavily wounded.
You feel sick. The gnoll hits you with a +0 flail!
The gnoll hits you but does no damage.
You claw the gnoll!
You kill the gnoll!
You feel sick.
The gnoll hits you from afar with a +0 spear.
You feel sick.
The gnoll hits you from afar with a +0 spear.
Things that are here:
a +0 flail; a gnoll corpse The hobgoblin attacks as you move away!
The hobgoblin barely misses you.
You feel sick.
You are no longer poisoned.
Jessica casts a spell.
Jessica blinks!
The gnoll barely misses you.
Unknown command.
The kobold attacks as you move away!
The kobold hits you with a +0 short sword.
The hobgoblin attacks as you move away! The hobgoblin closely misses you.
The gnoll barely misses you.
You barely miss the gnoll.
Unknown command.
You claw the gnoll!
The gnoll is severely wounded.
The hobgoblin hits you. The kobold misses you.
The gnoll hits you with a +0 spear!
* * * LOW HITPOINT WARNING * * *
Unknown command.
You scratch the gnoll.
The gnoll is almost dead.
The hobgoblin closely misses you. The kobold hits you but does no damage.
The gnoll hits you with a +0 spear!
* * * LOW HITPOINT WARNING * * *
Unknown command.
It was a potion of might.
You feel very mighty all of a sudden.
The hobgoblin hits you but does no damage.
The kobold hits you but does no damage. The gnoll hits you with a +0 spear.
You die...

........#.#
.........#.#####
...............##
............:...##
.................#
.................#
...?.....).......#
#.....<.Kg......#
########$@g@......#
######.........B......##
.......######..........#
..###### #..........#
#....## #####........!.#
###...###.).#..........#
###......[#..........#
#.......##........##
####....# #.(...


You could see a gnoll, Jessica, a giant cockroach, a hobgoblin and a kobold.

Vanquished Creatures
  2 adders (D:2)
  2 gnolls (D:2)
  A worm (D:2)
  2 dart slugs (D:1)
  3 bats
  3 endoplasms
  A giant cockroach (D:2)
  6 hobgoblins
  A quokka (D:1)
  5 ball pythons
  3 frilled lizards
  4 kobolds
  2 rats
35 creatures vanquished.

Notes
Turn   | Place    | Note
-------+----------+-------------------------------------------
     0 | D:1      | qeuew the Troll Gladiator began the quest for the Orb.
     0 | D:1      | Reached XP level 1. HP: 19/19 MP: 0/0
   153 | D:1      | Reached XP level 2. HP: 27/28 MP: 1/1
   490 | D:1      | Found a faded altar of an unknown god.
   735 | D:2      | Reached XP level 3. HP: 35/35 MP: 2/2
  1012 | D:2      | Noticed Jessica
  1018 | D:2      | Reached XP level 4. HP: 28/42 MP: 3/3
  1025 | D:2      | HP: 1/42 [gnoll/+0 spear (8)]
  1026 | D:2      | Slain by a gnoll

Illustrated notes

Levels and vault maps discovered:
D:1:      elethiomel_arrival_shortcut, layout_basic,
          dreamdust_ecumenical_altar_angels_and_demons
D:2:      layout_rooms, uniq_jessica

Skill      XL: |  1  2  3 |
---------------+----------+-----
Throwing       | 2 |  2.3
Fighting       | 2 |  2.1
Dodging        | |  2.8
Unarmed Combat | |  3.9

Action                   |  1- 3 |  4- 6 || total
-------------------------+-------+-------++-------
Melee: Unarmed           |    68 |     5 ||    73
       Punch             |     2 |       ||     2
  Use: Potion            |     2 |     1 ||     3
       Scroll            |     2 |       ||     2
Armor: Robe              |    23 |     4 ||    27
Dodge: Dodged            |    33 |     6 ||    39

Table legend: (Time is in decaauts)
 A = Elapsed time spent in this place.
 B = Non-inter-level travel time spent in this place.
 C = Inter-level travel time spent in this place.
 D = Time resting spent in this place.
 E = Time spent auto-exploring this place.
 F = Levels seen in this place.
 G = Mean time per level.
                   A        B        C        D        E       F      G
               +--------+--------+--------+--------+--------+-----+--------+
         Total |   1021 |   1011 |     10 |      0 |    836 |   2 |  510.5 |
       Dungeon |   1021 |   1011 |     10 |      0 |    836 |   2 |  510.5 |
               +--------+--------+--------+--------+--------+-----+--------+

Top non-repeatable levels by time:
     D:1: 680 daAuts
     D:2: 340 daAuts
